 Dungeon Crawl Stone Soup version 0.30-a0-540-g0af01429fa (webtiles) character file.

Game seed: 2181787980671263969

105 bande the Trooper (level 4, -5/29 HPs)
             Began as a Gargoyle Fighter on Dec 25, 2022.
             Slain by an ogre
             ... wielding a +0 giant spiked club
              (24 damage)
             ... on level 3 of the Dungeon.
             The game lasted 00:02:05 (1641 turns).

bande the Trooper (Gargoyle Fighter)                Turns: 1641, Time: 00:02:06

Health: -5/29      AC: 10    Str: 20    XL:     4   Next: 81%
Magic:  4/4        EV:  9    Int:  8    God:
Gold:   67         SH:  4    Dex: 11    Spells: 3/3 levels left

rFire   . . .      SeeInvis .    a - +0 war axe
rCold   . . .      Faith    .    c - +0 buckler
rNeg    + . .      Spirit   .    b - +0 scale mail
rPois   ∞          Reflect  .    (no helmet)
rElec   +          Harm     .    (no cloak)
rCorr   .          Rampage  .    (no gloves)
Will    .....                    (no boots) Stlth
                                 (no amulet)
HPRegen 0.24/turn                (no ring)
MPRegen 0.09/turn                (no ring)

@: no status effects
A: sickness immunity, AC +3, negative energy resistance 1, electricity
resistance, torment resistance 1, petrification resistance
a: no special abilities


You were on level 3 of the Dungeon.
You visited 1 branch of the dungeon, and saw 3 of its levels.

You collected 67 gold pieces.

Inventory:

Hand Weapons
 a - a +0 war axe (weapon)
 n - a +0 morningstar
Armour
 b - a +0 scale mail (worn)
 c - a +0 buckler (worn)
Scrolls
 e - a scroll of blinking {unknown}
 f - 4 scrolls of identify {unknown}
 h - 2 scrolls of poison {unknown}
 j - a scroll of teleportation {unknown}
 k - a scroll of torment {unknown}
 l - a scroll of enchant weapon {unknown}
 m - a scroll of fog {unknown}
Potions
 d - 2 potions of might
 g - a potion of haste {unknown}
 i - a potion of curing {unknown}


   Skills:
 + Level 4.0 Fighting
 + Level 3.1 Axes
 + Level 3.8 Armour
 + Level 3.9 Shields


You had 3 spell levels left.
You didn't know any spells.
Your spell library contained the following spells:

 Spells                   Type           Power      Damage    Failure   Level
 Blink                    Tloc           0%         N/A       94%         2
 Momentum Strike          Conj/Tloc      0%         3d8       94%         2
 Lesser Beckoning         Tloc           0%         N/A       99%         3


Dungeon Overview and Level Annotations

Branches:
Dungeon (3/15)

Altars:


Innate Abilities, Weirdness & Mutations

You are immune to sickness and miasma.
Your stone body is resilient. (AC +3)
You are immune to poison.
You resist negative energy. (rN+)
You are resistant to electric shocks. (rElec)
You are resistant to unholy torment.
You are immune to petrification.


Message History

There is a stone staircase leading up here.
A jackal comes into view.
A jackal is nearby!
The jackal barks!
You hear a bark!
A jackal comes into view.
A jackal comes into view.
The jackal moves out of view.
You block the jackal's attack.
The jackal barks!
You slash the jackal!
You kill the jackal!
The jackal barely misses you.
You slash the jackal!
You kill the jackal!
The jackal bites you but does no damage.
You hit the jackal.
You kill the jackal!
No target in view!
No target in view!
No target in view!
No target in view!
No target in view!
No target in view!
No target in view!
An ogre and a hobgoblin come into view.
The hobgoblin shouts!
You hear a shout!
There are monsters nearby!
An endoplasm comes into view.
The ogre hits you with a +0 giant spiked club!
The endoplasm quivers.
You hit the ogre.
The ogre is moderately wounded.
You block the ogre's attack.
A goblin comes into view. It is wielding a +0 club.
You hit the ogre.
The ogre is moderately wounded.
You closely miss the hobgoblin.
The ogre hits you with a +0 giant spiked club!!
Ouch! That really hurt!
You die...

#...##...########
#...............#
#...##...######.#
##..###.#######.### #..#
#........<... #..#
############. #..# #.
#..# ########. #@.#
.........
...J..Og.........######.
............### ##
g.........###
########.## #.# #.# ..


You could see an ogre, an endoplasm, a hobgoblin and a goblin.

Vanquished Creatures
  3 gnolls (D:2)
  2 adders (D:2)
  2 dart slugs
  An orc (D:3)
  5 ball pythons
  3 bats
  2 endoplasms (D:2)
  3 giant cockroaches
  2 goblins (D:2)
  6 hobgoblins
  6 jackals
  6 quokkas
  A frilled lizard (D:2)
  3 kobolds (D:2)
  A rat (D:2)
46 creatures vanquished.

Notes
Turn   | Place    | Note
-------+----------+-------------------------------------------
     0 | D:1      | bande the Gargoyle Fighter began the quest for the Orb.
     0 | D:1      | Reached XP level 1. HP: 14/14 MP: 1/1
   228 | D:1      | Reached XP level 2. HP: 19/19 MP: 2/2
   727 | D:2      | Reached XP level 3. HP: 23/23 MP: 3/3
   906 | D:2      | Reached XP level 4. HP: 29/29 MP: 4/4
  1197 | D:2      | Found a faded altar of an unknown god.
  1359 | D:2      | Reached skill level 4 in Fighting
  1638 | D:3      | Noticed an ogre
  1641 | D:3      | Slain by an ogre

Illustrated notes

Levels and vault maps discovered:
D:1:      dpeg_arrival_renting, layout_basic, minmay_pentomino_w2
D:2:      layout_basic, shapermc_ecumenical_altar_venn,
          chequers_serial_rivers_micro_c, minmay_misc_feat_doors
D:3:      layout_loops_ring, lemuel_round_altar, grunt_ministairs_1

Skill      XL: |  1  2  3  4 |
---------------+-------------+-----
Axes           | 2 3 |  3.1
Fighting       | 4 |  4.0
Armour         | |  3.8
Shields        | |  3.9

Action                   |  1- 3 |  4- 6 || total
-------------------------+-------+-------++-------
Melee: War axe           |    72 |    44 ||   116
Armor: Scale mail        |    57 |    29 ||    86
Dodge: Dodged            |    48 |    30 ||    78
Block: Buckler           |    20 |    17 ||    37

Table legend: (Time is in decaauts)
 A = Elapsed time spent in this place.
 B = Non-inter-level travel time spent in this place.
 C = Inter-level travel time spent in this place.
 D = Time resting spent in this place.
 E = Time spent auto-exploring this place.
 F = Levels seen in this place.
 G = Mean time per level.
                   A        B        C        D        E       F      G
               +--------+--------+--------+--------+--------+-----+--------+
         Total |   1688 |   1688 |      0 |    300 |   1042 |   3 |  562.7 |
       Dungeon |   1688 |   1688 |      0 |    300 |   1042 |   3 |  562.7 |
               +--------+--------+--------+--------+--------+-----+--------+

Top non-repeatable levels by time:
     D:2: 871 daAuts
     D:1: 708 daAuts
     D:3: 108 daAuts
